 Dungeon Crawl Stone Soup version 0.32-a0-791-gfc315c9ecd (webtiles) character file.

Game seed: 11029116612758795816

375 ezpacito the Trooper (level 6, 0/48 HPs)
             Began as a Coglin Chaos Knight on Mar 20, 2024.
             Was a Plaything of Xom.
             Slain by Robin
             ... wielding a +2 short sword of distortion
              (13 damage)
             ... on level 3 of the Dungeon.
             The game lasted 00:03:43 (1946 turns).

ezpacito the Trooper (Coglin Chaos Knight)          Turns: 1946, Time: 00:03:44

Health: 0/48       AC:  9    Str: 15    XL:     6   Next: 72%
Magic:  7/7        EV:  7    Int: 11    God:    Xom [...*..]
Gold:   168        SH:  0    Dex: 13    Spells: 7/7 levels left

rFire   + . .        a - +0 hand axe (chaos) {Arsinoe}
rCold   + . .        g - +1 dagger (elec) {Uttamveer}
rNeg    . . .        l - +0 chain mail
rPois   +            (no helmet)
rElec   +            (no cloak)
rCorr   +            (no gloves)
SInv    .            (no boots)
Will    .....        (amulet unavailable) Stlth
                     (ring unavailable)
HPRegen 0.28/turn    (ring unavailable)
MPRegen 0.10/turn    (no gizmo)

%: no passive effects
@: resistant, revving
A: off-hand wielding, slow wielding, warmup strikes, no jewellery
a: Invent Gizmo, Renounce Religion


You were on level 3 of the Dungeon.
You worshipped Xom.
You were a favourite toy of Xom.
You visited 1 branch of the dungeon, and saw 3 of its levels.

You collected 168 gold pieces.

Inventory:

Hand Weapons
 a - a +0 hand axe of chaos (weapon) {Arsinoe}
 d - a +0 spear
 g - a +1 dagger of electrocution (offhand) {Uttamveer}
Missiles
 o - 5 atropa-tipped darts (quivered)
 q - 5 poisoned darts
Armour
 l - a +0 chain mail (worn)
Scrolls
 b - a scroll of blinking {unknown}
 h - a scroll of enchant weapon {unknown}
 k - a scroll of fog {unknown}
 n - a scroll of noise
 p - a scroll of immolation {unknown}
Potions
 e - a potion of mutation
 f - 2 potions of brilliance


   Skills:
 * Level 4.1 Fighting
 * Level 4.0(4.3) Axes
 + Level 1.8(3.0) Polearms
 * Level 3.0 Armour
 * Level 2.5 Dodging
 + Level 1.3 Stealth
 + Level 1.2 Spellcasting


You had 7 spell levels left.
You didn't know any spells.
Your spell library was empty.

Dungeon Overview and Level Annotations

Branches:
Dungeon (3/15)

Altars:
Uskayaw

Shops:
D:2 [

Annotations:
D:3 Robin


Innate Abilities, Weirdness & Mutations

You can wield a second weapon in your off-hand.
It takes a long time for you to wield or remove held weapons.
Your first few attacks do less damage.
You cannot equip rings or amulets.


Message History

a +0 dagger; a +0 club You hit Robin with your +0 hand axe of chaos.
You drain Robin.
Robin is lightly wounded.
You hit Robin with your +1 dagger of electrocution.
Your butterfly disappears in a burst of colours!
Robin hits you but does no damage. Space warps horribly around you!!
Robin hits you but does no damage. Space warps around you.
You take 23 damage, and have 25/48 hp.
MASSIVE DAMAGE!!
You hit Robin but do no damage.
Robin is moderately wounded.
You hit Robin with your +0 hand axe of chaos.
Robin is poisoned.
You swap places.
Your butterfly disappears in a burst of colours!
Robin hits you but does no damage. Space warps horribly around you!
* * * LOW HITPOINT WARNING * * *
Robin hits your butterfly with a +2 short sword of distortion.
Your butterfly is killed!
Your butterfly disappears in a burst of colours!
You see here a +0 club.
You take 13 damage, and have 12/48 hp.
MASSIVE DAMAGE!!
Okay, then.
Okay, then.
You aren't carrying any items that you can evoke.
Unknown command.
Throw: 6 darts (atropa)
Press: ? - help, Q - select action, (/) - cycle Shift-Dir - straight line, f - Robin
Aim: Robin, wielding a +2 short sword of distortion, wearing a +0 animal skin, wearing a +0 helmet and carrying a wand of flame (heavily wounded, fast, confused, very poisoned, heavily drained, 80% to hit, chance to blind on hit: 100%)
You throw an atropa-tipped dart. The atropa-tipped dart hits Robin.
Robin appears confused.
Robin is heavily wounded.
Your butterfly disappears in a burst of colours! x2
Robin barely misses you.
You hit Robin but do no damage.
Robin is heavily wounded.
You hit Robin but do no damage. Robin hits you but does no damage.
Space warps horribly around you!
You die... "I guess I need a new plaything now."

#......#
#......#
#....b.#
#....b.#
#..b...###
#)...b).)##
#.?..†..b†######
#####.#b........
#b#@bb.###. .#
#b#)g).###.≈≈≈
#.#........≈#
#.#..b.####≈#
###.#.>......≈#
..
#......#..###≈#
#≈.≈ #.#.####..#
≈.≈ #.#<......#
≈.≈ #.##.####.#
#.#


You could see Robin (fast, confused, blind, unable to see you, very poisoned,
very drained).

Vanquished Creatures
  Grinder (D:3)
  Pargi (D:3)
  Jessica (D:3)
  Natasha (D:2)
  6 adders
  An orc (D:3)
  4 ball pythons
  4 endoplasms
  A giant cockroach (D:2)
  13 goblins
  6 hobgoblins
  2 quokkas (D:2)
  A bat (D:1)
  2 frilled lizards
  4 kobolds
  2 rats (D:2)
50 creatures vanquished.

Vanquished Creatures (others)
  A goblin (D:3)
1 creature vanquished.

Grand Total: 51 creatures vanquished

Notes
Turn   | Place    | Note
-------+----------+-------------------------------------------
     0 | D:1      | ezpacito the Coglin Chaos Knight began the quest for the
                  | Orb.
     0 | D:1      | Reached XP level 1. HP: 18/18 MP: 1/1
   266 | D:1      | Reached skill level 1 in Dodging
   361 | D:1      | Reached XP level 2. HP: 24/24 MP: 2/2
   488 | D:1      | XOM: cloud trail
   754 | D:1      | XOM: noise
   873 | D:2      | XOM: stat loss: -1 Int (10/11)
   895 | D:2      | Reached XP level 3. HP: 29/29 MP: 3/3
   912 | D:2      | XOM: silly message
   917 | D:2      | Reached skill level 1 in Polearms
   988 | D:2      | Noticed Natasha
   993 | D:2      | Killed Natasha
   994 | D:2      | Reached XP level 4. HP: 35/35 MP: 4/4
  1322 | D:2      | XOM: silly message
  1387 | D:2      | XOM: stat loss: -1 Str (14/15)
  1392 | D:2      | XOM: silly message
  1454 | D:2      | Found Nip Puell's Antique Armour Boutique.
  1561 | D:3      | Found a hide-covered altar of Uskayaw.
  1653 | D:3      | XOM: silly message
  1744 | D:3      | XOM: summons 3 hostile shadow creatures
  1781 | D:3      | Noticed Jessica
  1783 | D:3      | Noticed Grinder
  1783 | D:3      | XOM: noise
  1786 | D:3      | Killed Jessica
  1786 | D:3      | XOM: destruction
  1787 | D:3      | Reached XP level 5. HP: 40/42 MP: 4/6
  1793 | D:3      | Killed Grinder
  1794 | D:3      | Reached skill level 1 in Stealth
  1794 | D:3      | Reached skill level 1 in Spellcasting
  1794 | D:3      | Reached XP level 6. HP: 29/48 MP: 4/7
  1892 | D:3      | Noticed Robin
  1896 | D:3      | Noticed Pargi
  1902 | D:3      | XOM: swap monsters
  1917 | D:3      | Killed Pargi
  1926 | D:3      | XOM: god gift: 41 gold pieces
  1946 | D:3      | Slain by Robin

Illustrated notes

Levels and vault maps discovered:
D:1:      dpeg_arrival_renting, layout_basic, minmay_misc_feat_roman
D:2:      layout_loops_cross, serial_shops, shop, minmay_misc_feat_chi,
          uniq_natasha
D:3:      layout_basic, nicolae_uskayaw_murder_on_the_dancefloor,
          nicolae_overflow_two_pavilions, mainiacjoe_overflow_alcove_1,
          serial_curves, eino_curves_03, eino_curves_04,
          nicolae_ecumenical_snake_handling, uniq_jessica, uniq_robin,
          uniq_grinder, uniq_pargi

Skill      XL: |  1  2  3  4  5  6 |
---------------+-------------------+-----
Dodging        | 1 2 |  2.5
Armour         | 2 3 |  3.0
Polearms       | 1 |  1.8
Fighting       | 4 |  4.1
Stealth        | 1 |  1.3
Spellcasting   | 1 |  1.2
Axes           | 4 |  4.0

Action                     |  1- 3 |  4- 6 || total
---------------------------+-------+-------++-------
  Melee: Hand axe          |    36 |    54 ||    90
         Dagger            |    35 |    57 ||    92
  Throw: Dart              |       |     1 ||     1
    Use: Scroll            |       |     4 ||     4
         Potion            |       |     4 ||     4
   Stab: Sleeping          |     1 |       ||     1
 Armour: Leather armour    |    33 |       ||    33
         Chain mail        |       |    32 ||    32
         Skin              |       |     9 ||     9
  Dodge: Dodged            |    20 |    19 ||    39

Table legend: (Time is in decaauts)
 A = Elapsed time spent in this place.
 B = Non-inter-level travel time spent in this place.
 C = Inter-level travel time spent in this place.
 D = Time resting spent in this place.
 E = Time spent auto-exploring this place.
 F = Levels seen in this place.
 G = Mean time per level.
                   A        B        C        D        E       F      G
               +--------+--------+--------+--------+--------+-----+--------+
         Total |   1939 |   1812 |    127 |      0 |   1492 |   3 |  646.3 |
       Dungeon |   1939 |   1812 |    127 |      0 |   1492 |   3 |  646.3 |
               +--------+--------+--------+--------+--------+-----+--------+

Top non-repeatable levels by time:
     D:1: 866 daAuts
     D:2: 671 daAuts
     D:3: 401 daAuts
